 Dungeon Crawl Stone Soup version 0.22-a0-396-g3f858e3 (webtiles) character file.

167 iamserjio the Magician (level 5, -3/28 HPs)
             Began as a Deep Elf Wizard on May 3, 2018.
             Killed by divine providence
             ... invoked by an orc priest
              (17 damage)
             ... on level 3 of the Dungeon.
             The game lasted 00:08:25 (2763 turns).

iamserjio the Magician (Deep Elf Wizard)            Turns: 2763, Time: 00:08:25

Health: -3/28      AC:  2    Str:  7    XL:     5   Next: 23%
Magic:  8/15       EV: 13    Int: 24    God:
Gold:   130        SH:  0    Dex: 13    Spells: 4/15 levels left

rFire    x . .     SeeInvis .   f - +3 short sword
rCold    + . .     Gourm    .   (no shield)
rNeg     . . .     Faith    .   a - +0 robe
rPois    .         Spirit   .   b - +0 hat
rElec    .         Reflect  .   (no cloak)
rCorr    .         Harm     .   (no gloves)
MR       .....                  (no boots)
Stlth    ++........             (no amulet)
HPRegen  0.09/turn              x - +3 ring of strength
MPRegen  0.14/turn              r - ring of ice

@: no status effects
A: no striking features
a: no special abilities


You were on level 3 of the Dungeon.
You were not hungry.

You visited 1 branch of the dungeon, and saw 3 of its levels.

You collected 130 gold pieces.

Inventory:

Hand Weapons
 e - a +0 club
 f - a +3 short sword (weapon)
 h - a +0 short sword
 y - a +0 spear
 D - a +0 blowgun
Missiles
 C - 17 poisoned needles
Armour
 a - a +0 robe (worn)
 b - a +0 hat (worn)
 t - a scarf of resistance
 A - a +1 helmet
Jewellery
 q - a +1 ring of evasion
 r - a ring of ice (right hand)
 x - a +3 ring of strength (left hand)
Scrolls
 c - 6 scrolls of remove curse {unknown}
 g - 3 scrolls of identify {unknown}
 i - 2 scrolls of fear {unknown}
 l - 3 scrolls of blinking {unknown}
 p - 2 scrolls of amnesia {unknown}
 s - a scroll of teleportation {unknown}
 u - a scroll of random uselessness {unknown}
 w - a scroll of enchant weapon {unknown}
Potions
 j - a potion of berserk rage {unknown}
 k - a potion of mutation {unknown}
 m - 2 potions of curing {unknown}
 n - a potion of lignification
 o - a potion of cancellation
 v - a potion of degeneration {unknown}
 B - a potion of ambrosia {unknown}
 E - a potion of haste
Comestibles
 d - 7 rations


   Skills:
 - Level 2.4 Dodging
 - Level 2.4 Stealth
 + Level 5.7 Spellcasting
 * Level 4.5 Conjurations
 - Level 1.1 Summonings
 - Level 1.1 Translocations
 + Level 1.0 Fire Magic


You had 4 spell levels left.
You knew the following spells:

 Your Spells              Type           Power        Failure   Level  Hunger
a - Magic Dart            Conj           ####         1%          1    None
b - Call Imp              Summ           ##......     8%          2    None
c - Mephitic Cloud        Conj/Pois/Air  ##......     13%         3    #......
d - Conjure Flame         Conj/Fire      ###.....     8%          3    #......
e - Blink                 Tloc           N/A          8%          2    None


Dungeon Overview and Level Annotations

Branches:
Dungeon (3/15)

Altars:


Message History

Press: ? - help, Shift-Dir - straight line, f/p - orc priest
Aim: an orc priest, wielding a short sword and wearing a leather armour (heavily wounded)
The magic dart hits the orc priest.
The orc priest is almost dead.
Casting: Magic Dart (safe; 1% risk of failure)
Confirm with . or Enter, or press ? or * to list all spells.
Aiming: Magic Dart (safe; 1% risk of failure)
Press: ? - help, Shift-Dir - straight line, f/p - orc priest
Aim: an orc priest, wielding a short sword and wearing a leather armour (almost dead)
The magic dart hits the orc priest.
The orc priest is almost dead.
The orc priest mumbles some strange prayers to Beogh against you.
Pain shoots through your body!
Ouch! That really hurt!
You hit the orc priest.
The orc priest is almost dead.
The orc priest invokes the aid of Beogh against you.
Beogh smites you!
Ouch! That really hurt!
You die...

#....######
##.........####
###......###....####
###...####.# ####....#
#####...### #.# ####.##
#.....### #.# #...
##.##### #.# ####
#.....#########.#
#####......@o##.#
########..).# ####.##
##########..###
........##....#### ###
........##.##....####..
........##o##.o.......#
........##o...####.....
.........<.>.######...#


You could see an orc priest.

Vanquished Creatures
  An orc priest (D:3)
  Robin (D:3)
  A gnoll (D:1)
  2 adders (D:3)
  A worm (D:3)
  3 dart slugs
  3 leopard geckos
  7 orcs
  4 bats
  4 giant cockroaches
  16 goblins
  13 hobgoblins
  8 kobolds
  A ball python (D:1)
  4 frilled lizards (D:2)
  7 rats
76 creatures vanquished.

Notes
Turn   | Place    | Note
-------+----------+-------------------------------------------
     0 | D:1      | iamserjio the Deep Elf Wizard began the quest for the Orb.
     0 | D:1      | Reached XP level 1. HP: 10/10 MP: 7/7
   233 | D:1      | Reached XP level 2. HP: 15/15 MP: 6/9
   500 | D:1      | Reached XP level 3. HP: 19/19 MP: 1/11
   530 | D:1      | Reached skill level 5 in Spellcasting
  1706 | D:3      | Reached XP level 4. HP: 9/24 MP: 0/13
  1814 | D:3      | Noticed Robin
  2064 | D:3      | Killed Robin
  2151 | D:3      | Learned a level 2 spell: Call Imp
  2155 | D:3      | Learned a level 3 spell: Mephitic Cloud
  2159 | D:3      | Learned a level 3 spell: Conjure Flame
  2162 | D:3      | Learned a level 2 spell: Blink
  2715 | D:3      | Reached XP level 5. HP: 28/28 MP: 9/15
  2718 | D:3      | Reached skill level 1 in Fire Magic
  2763 | D:3      | Killed from afar by an orc priest

Vault maps used:
D:1:      minmay_arrival_shattered_statue
D:3:      cheibrodos_pilgrimage, st_stairs_6, roderic_lattice_a, uniq_robin

Skill      XL: |  1  2  3  4  5 |
---------------+----------------+-----
Conjurations   | 2 3 4 |  4.5
Spellcasting   | 5 |  5.7
Fire Magic     | 1 |  1.0
Dodging        | |  2.4
Stealth        | |  2.4
Summonings     | |  1.1
Translocations | |  1.1

Action                   |  1- 3 |  4- 6 || total
-------------------------+-------+-------++-------
Melee: Club              |     2 |       ||     2
       Short sword       |       |     1 ||     1
 Cast: Magic Dart        |    98 |    76 ||   174
       Conjure Flame     |       |     1 ||     1
       Mephitic Cloud    |       |     1 ||     1
  Use: Potion            |       |     2 ||     2
  Eat: Chunk             |     2 |     3 ||     5
Armor: Robe              |     6 |     1 ||     7
Dodge: Dodged            |    13 |     5 ||    18

Table legend:
 A = Spawn XP
 B = Non-spawn XP
 C = Spawn XP percentage of total XP
 D = Spawn monster count
 E = Non-spawn monster count
 F = Spawn count percentage of total count
 G = Total turns spent on level
                    A         B        C        D         E        F      G
               +---------+---------+-------+---------+---------+-------+---------
         Total |       0 |     239 |   0.0 |       0 |      76 |   0.0 |  2763
               +---------+---------+-------+---------+---------+-------+---------
           D:1 |       0 |      58 |   0.0 |       0 |      24 |   0.0 |   915
           D:2 |       0 |      33 |   0.0 |       0 |      21 |   0.0 |  1106
           D:3 |       0 |     148 |   0.0 |       0 |      31 |   0.0 |   742
               +---------+---------+-------+---------+---------+-------+---------
